Cogmind - Beta 11 X8 @@@ ROGUE MODE // 2021.11.27 @ 14:47:46 Player: Runia Result: Destroyed by DAS Turret with DAS Cannon Performance ------------- Evolutions (0) 0 Regions Visited (3) 600 Robots Destroyed (27) 135 Value Destroyed (521) 521 Prototype IDs (26) 520 Alien Tech Used (0) 0 Bonus (300) 300 TOTAL SCORE: 2076 Bonus ------- Aligned with FarCom 300 Cogmind --------- Core Integrity 0/250 Matter 222/300 Energy 96/100 System Corruption 0% Temperature Cool (0) Movement Treading (240) Ox1 Location -10/Exiles Parts ------- > --- POWER (1) -------- (None) > --- PROPULSION (2) --- Light Treads > --- UTILITY (2) ------ Large Storage Unit Light Armor Plating > --- WEAPON (2) ------- Light Assault Rifle 8R-AWN's Boregun > --- INVENTORY (15) --- Medium Matter Pod (10) Medium Matter Pod (0) Medium Matter Pod (0) Light Armor Plating AS-neutralizer No. 17b Light Assault Rifle Light Assault Rifle Grenade Launcher Peak State ------------ > --- POWER ------------ Ion Engine > --- PROPULSION ------- Light Treads Light Treads > --- UTILITY ---------- Large Storage Unit Light Armor Plating > --- WEAPON ----------- Light Assault Rifle 8R-AWN's Boregun > --- INVENTORY -------- Light Armor Plating Light Assault Rifle Light Assault Rifle Grenade Launcher [Rating: 16] Favorites ----------- Power Ion Engine Engine Ion Engine Propulsion Light Treads Treads Light Treads Leg Aluminum Leg Utility Large Storage Unit Storage Large Storage Unit Protection Light Armor Plating Weapon Light Assault Rifle Energy Gun Small Laser Ballistic Gun Light Assault Rifle Launcher Grenade Launcher Build | -11 -10 -10 -10 ------- Run | Scr Mat Min Exi Slots Evolved . | . . . . Power . | . . . . Propulsion . | . . . . Utility . | . . . . Weapon . | . . . . Parts Attached 38 | 3 29 . 6 Power 4 | . 4 . . Engine 4 | . 4 . . Core . | . . . . Reactor . | . . . . Propulsion 8 | 2 5 . 1 Treads 8 | 2 5 . 1 Leg . | . . . . Wheel . | . . . . Hover . | . . . . Flight . | . . . . Utility 5 | . 4 . 1 Device . | . . . . Storage 2 | . 2 . . Processor . | . . . . Hackware . | . . . . Protection 3 | . 2 . 1 Artifact . | . . . . Weapon 21 | 1 16 . 4 Energy Gun . | . . . . Energy Cannon . | . . . . Ballistic Gun 13 | 1 9 . 3 Ballistic Cannon . | . . . . Launcher 8 | . 7 . 1 Special Weapon . | . . . . Impact Weapon . | . . . . Slashing Weapon . | . . . . Piercing Weapon . | . . . . Special Melee Weapon . | . . . . Unidentified Prototypes 1 | . . . 1 Parts Lost 6 | . . . 6 Power 1 | . . . 1 Propulsion 2 | . . . 2 Utility 1 | . . . 1 Weapon 2 | . . . 2 Highest Loss Streak 6 | . . . 6 Average Slot Usage (%) 93 | . 94 100 90 Engine 11 | . 13 14 9 Treads 25 | . 27 28 23 Storage 15 | . 17 14 14 Protection 10 | . 5 14 13 Ballistic Gun 27 | . 27 28 27 Naked Turns . | . . . . Heaviest Build 33 | 11 32 31 33 Greatest Support 40 | 40 40 40 40 Greatest Overweight (x) 1 | . 1 . 1 Average Overweight (x) . | . . . . Largest Inventory Capacity 15 | 8 15 15 15 Average Capacity 14 | 8 12 15 15 Most Carried 15 | 5 13 15 15 Average Carried 10 | 3 8 14 10 Final Capacity 15 | 8 15 15 15 Final Carried 15 | 2 13 15 8 Class Distribution -------------------- 100% | Mutant Dominant Class ---------------- Mutant | -10/Materials Mutant | -10/Mines Mutant | -10/Exiles Resources | -11 -10 -10 -10 ----------- Run | Scr Mat Min Exi Matter Collected 1202 | 200 542 159 301 Remotely . | . . . . Salvage Created 766 | . 654 82 30 Parts 48 | . 46 2 . Haulers Intercepted 2 | . 2 . . Recyclers Shooed 3 | . 2 1 . Parts Field Recycled . | . . . . Retrieved Matter . | . . . . Parts Self-Destructed . | . . . . Prevented . | . . . . Kills | -11 -10 -10 -10 ------- Run | Scr Mat Min Exi Combat Hostiles Destroyed 22 | . 15 2 5 Guns 10 | . 6 2 2 AOE 12 | . 9 . 3 Classes Destroyed 9 | . 8 . 1 Worker 2 | . 2 . . Builder 1 | . 1 . . Hauler 2 | . 2 . . Recycler 3 | . 3 . . Operator 1 | . 1 . . Watcher 1 | . 1 . . Swarmer 6 | . 6 . . Grunt 11 | . 9 2 . Assembled 5 | . . . 5 Best Kill Streak 4 | . 4 2 3 Combat Bots Only 3 | . 3 2 3 Max Kills in Single Turn 2 | . 2 1 2 Gunslinging . | . . . . Exploded 2 | . 2 . 2 Melee . | . . . . Uniques/NPCs Destroyed . | . . . . Combat | -11 -10 -10 -10 -------- Run | Scr Mat Min Exi Damage Taken 1236 | . 501 55 680 Core 319 | . 62 . 257 Absorbed by Shields . | . . . . Core Remaining (%) 100 | 100 . . . Volleys Fired 125 | . 63 10 52 Largest 2 | . 2 2 2 Hottest 50 | . 40 40 50 Shots Fired 223 | . 111 20 92 Gun 204 | . 96 20 88 Cannon . | . . . . Launcher 19 | . 15 . 4 Special . | . . . . Kinetic 204 | . 96 20 88 Thermal . | . . . . Explosive 19 | . 15 . 4 Electromagnetic . | . . . . Robot Hit Streak 17 | . 17 9 5 Robot Miss Streak 3 | . 2 2 3 Penetration Max 1 | . . . 1 Secondary Targets . | . . . . Shots Hit Robots 144 | . 79 14 51 Core Hits 72 | . 51 5 16 Critical Kills . | . . . . Critical Parts Destroyed 2 | . . . 2 Critical Strikes 11 | . . . 11 Destroy 11 | . . . 11 Melee Attacks . | . . . . Impact . | . . . . Slashing . | . . . . Piercing . | . . . . Sneak Attacks . | . . . . Combat Hostiles . | . . . . Follow-up Attacks . | . . . . Damage Inflicted 2435 | . 1548 147 740 Guns 1415 | . 725 147 543 Cannons . | . . . . Explosions 1020 | . 823 . 197 Melee . | . . . . Ramming . | . . . . Kinetic 1415 | . 725 147 543 Thermal . | . . . . Explosive 1020 | . 823 . 197 Electromagnetic . | . . . . Impact . | . . . . Slashing . | . . . . Piercing . | . . . . Highest Corruption . | . . . . Average Corruption . | . . . . Corruption Purged . | . . . . Overload Shots . | . . . . Overflow Damage 26 | . 15 . 11 Projectiles . | . . . . Explosions 26 | . 15 . 11 Melee . | . . . . Knockbacks . | . . . . Impact . | . . . . Kinetic . | . . . . Secondary . | . . . . Self-Inflicted Damage 54 | . 17 . 37 Shots 4 | . 2 . 2 Rammed . | . . . . Targets Rammed . | . . . . Kicked . | . . . . Crushed . | . . . . Highest Temperature 27 | . 27 15 16 Average Temperature 5 | . 6 6 5 Received Heat Transfer 225 | . 195 30 . Siege Activations . | . . . . Robots Corrupted . | . . . . Combat Hostiles . | . . . . Parts Fried . | . . . . Impact Corruptions . | . . . . Robots Melted . | . . . . Combat Hostiles . | . . . . Parts Melted . | . . . . Heat Transferred . | . . . . Parts Sabotaged . | . . . . Parts Stolen . | . . . . Parts Stripped . | . . . . Power Chain Reactions . | . . . . Missiles Intercepted . | . . . . Alert | -11 -10 -10 -10 ------- Run | Scr Mat Min Exi Peak Influence 236 | . 236 89 . Initial 39 | . . 39 . Average 90 | . 105 52 . Maximum Alert Level 1 | . 1 . . Low Security (%) 95 | 100 94 100 . Level 1 4 | . 5 . . Level 2 . | . . . . Level 3 . | . . . . Level 4 . | . . . . Level 5 . | . . . . High Security . | . . . . Max Security . | . . . . Squads Dispatched 3 | . 3 . . Investigation 1 | . 1 . . Extermination . | . . . . Reinforcement 2 | . 2 . . Assault . | . . . . Garrison . | . . . . Intercept . | . . . . Construction Impeded . | . . . . Haulers Reinforced . | . . . . Active Scanning Responses . | . . . . Cargo Convoy Interrupts . | . . . . Stealth | -11 -10 -10 -10 --------- Run | Scr Mat Min Exi Distress Signals 1 | . 1 . . Communications Jammed . | . . . . Distress Signals . | . . . . Times Spotted 41 | . 25 2 14 Peak Tracking Total 11 | . 6 2 11 Tactical Retreats 4 | . . . 4 Traps | -11 -10 -10 -10 ------- Run | Scr Mat Min Exi Traps Triggered 3 | . 3 . . Indirectly . | . . . . Trap Hack Attempts . | . . . . Triggered . | . . . . Disarmed . | . . . . Reprogrammed . | . . . . Reused 5 | . . . 5 Traps Extracted . | . . . . Installed 5 | . . . 5 Triggered . | . . . . Exploded 3 | . . . 3 Machines | -11 -10 -10 -10 ---------- Run | Scr Mat Min Exi Machines Disabled 9 | . . . 9 Max in Single Turn 2 | . . . 2 Machines Sabotaged . | . . . . Garrisons Compromised . | . . . . Overloaded Fab Kills . | . . . . Hacking | -11 -10 -10 -10 --------- Run | Scr Mat Min Exi Machines Accessed 10 | . 8 . 2 Terminals 6 | . 6 . . Fabricators . | . . . . Repair Stations 1 | . 1 . . Recycling Units 1 | . 1 . . Scanalyzers . | . . . . Garrison Access . | . . . . Total Hacks 26 | . 24 . 2 Successful 16 | . 14 . 2 Failed 10 | . 10 . . Catastrophic . | . . . . Database Lockouts . | . . . . Manual 12 | . 11 . 1 Terminals 18 | . 18 . . Fabricators . | . . . . Repair Stations 5 | . 5 . . Recycling Units 1 | . 1 . . Scanalyzers . | . . . . Garrison Access . | . . . . Terminal Hacks 10 | . 8 . 2 Record 1 | . . . 1 Robot Analysis 2 | . 2 . . Prototype ID Bank 2 | . 2 . . Repair Station Index 1 | . 1 . . Locate Traps 1 | . 1 . . Hauler Manifests 2 | . 2 . . EX-Prototype ID Bank 1 | . . . 1 Fabricator Hacks . | . . . . Repair Station Hacks 2 | . 2 . . Scan Component 1 | . 1 . . Repair 1 | . 1 . . Recycling Unit Hacks . | . . . . Scanalyzer . | . . . . Garrison Access Hacks . | . . . . Unauthorized Hacks 4 | . 4 . . Terminals 3 | . 3 . . Track 1 | . 1 . . Botnet 1 | . 1 . . Operators 1 | . 1 . . Fabricators . | . . . . Repair Stations . | . . . . Recycling Units 1 | . 1 . . Tunnel 1 | . 1 . . Scanalyzers . | . . . . Garrison Access . | . . . . Data Cores Recovered . | . . . . Used . | . . . . Hacking Detections 7 | . 7 . . Full Trace Events . | . . . . Feedback Events . | . . . . Feedback Blocked . | . . . . Robot Schematics Acquired . | . . . . Robots Built . | . . . . Authchips . | . . . . Time . | . . . . Total Robot Build Rating . | . . . . Part Schematics Acquired . | . . . . Parts Built . | . . . . Authchips . | . . . . Time . | . . . . Total Part Build Rating . | . . . . Parts Repaired 1 | . 1 . . Time 13 | . 13 . . Parts Recycled . | . . . . Recycled Matter . | . . . . Retrieved Matter . | . . . . Retrieved Components . | . . . . Parts Scanalyzed . | . . . . Part Schematics Acquired . | . . . . Parts Damaged . | . . . . Bothacking | -11 -10 -10 -10 ------------ Run | Scr Mat Min Exi Used RIF Installer . | . . . . Robots Hacked . | . . . . Non-combat . | . . . . Combat . | . . . . Robot Hacks Applied . | . . . . Relay Couplers Released . | . . . . Fabnet Peak Effective % . | . . . . Robots Rewired . | . . . . Allies Hacked . | . . . . Hacks Repelled . | . . . . Allies | -11 -10 -10 -10 -------- Run | Scr Mat Min Exi Total Allies . | . . . . Largest Group . | . . . . Highest-Rated Group . | . . . . Highest-Rated Ally . | . . . . Total Orders . | . . . . Ally Attacks . | . . . . Total Damage . | . . . . Kills . | . . . . Allies Corrupted . | . . . . Allies Melted . | . . . . Intel | -11 -10 -10 -10 ------- Run | Scr Mat Min Exi Robot Analysis Total 2 | . 2 . . Derelict Logs Recovered 1 | . . 1 . Drone Launches . | . . . . Drone Recoveries . | . . . . Exploration | -11 -10 -10 -10 ------------- Run | Scr Mat Min Exi Turns Passed 3469 | 6 1300 478 1685 Spaces Moved 1644 | 1 648 276 719 Core . | . . . . Treads 1644 | 1 648 276 719 Legs . | . . . . Wheels . | . . . . Hover . | . . . . Flight . | . . . . Fastest Speed 160 | 160 160 160 160 Average Speed 163 | 160 160 160 168 Slowest Speed 240 | 160 240 160 240 Overloaded Moves . | . . . . Propulsion Burnouts . | . . . . Robots Hopped . | . . . . Cave-ins Triggered . | . . . . Exploration Rate (%) 57 | 2 95 63 70 Regions Visited 3 Branch Regions 2 Pre-discovered Areas 2 | . 1 . 1 Known Exits Taken . | . . . . Unknown Exits Taken 3 | 1 1 1 . Scrap Searched 2 | . . 2 . Spaces Dug 23 | . 23 . . Terrain Destroyed 126 | . 94 . 32 Melee . | . . . . Projectile 10 | . . . 10 AOE 115 | . 94 . 21 Terrain Rammed . | . . . . Walls Destroyed . | . . . . Machines Disabled . | . . . . Actions | -11 -10 -10 -10 --------- Run | Scr Mat Min Exi Total 2221 | 7 799 297 1118 Wait 360 | . 40 2 318 Move 1641 | . 647 275 719 Hop . | . . . . Pick Up 27 | . 14 6 7 Fast Attach 9 | . 8 . 1 Attach 7 | 2 2 . 3 Detach 1 | . 1 . . Swap 22 | 1 19 . 2 Drop 24 | 4 5 4 11 Fire 125 | . 63 10 52 Melee . | . . . . Ram . | . . . . Kick . | . . . . Crush . | . . . . Escape Stasis . | . . . . Rewire . | . . . . Trap 5 | . . . 5 Miscellaneous . | . . . . Route ------- -11/Scrapyard -10/Materials (discovered 5 exits: [*Mat x3] / [*Min x2]) -10/Mines (discovered 3 exits: [*Mat x2] / *Exi) -10/Exiles (discovered 2 exits: [*Min x2]) History --------- Turn | Location | Event 7 | -11/Scrapyard | Discovered new exit (range 0) 7 | -11/Scrapyard | Entered Materials 306 | -10/Materials | Build established: Mutant 391 | -10/Materials | Discovered new exit (range 16) 588 | -10/Materials | Discovered new exit (range 12) 732 | -10/Materials | Discovered new exit (range 3) 855 | -10/Materials | Discovered new exit (range 9) 1043 | -10/Materials | Discovered new exit (range 16) 1110 | -10/Materials | Repaired Lgt. Armor Plating 1307 | -10/Materials | Entered Mines 1336 | -10/Mines | Found a damaged Exp. Sensor Array with a note attached 1339 | -10/Mines | Found Prototype Device 1361 | -10/Mines | Discovered new exit (range 5) 1383 | -10/Mines | Met a Derelict bent on vengeance 1585 | -10/Mines | Found a hidden stash of uninstalled traps 1619 | -10/Mines | Discovered new exit (range 4) 1777 | -10/Mines | Deemed a non-threat by the Exiles lab entrance 1779 | -10/Mines | Discovered new exit (range 5) 1785 | -10/Mines | Entered Exiles 1811 | -10/Exiles | Discovered new exit (range 15) 1829 | -10/Exiles | Met 8R-AWN 1848 | -10/Exiles | Met EX-HEX 1913 | -10/Exiles | Met EX-DEC 1923 | -10/Exiles | Learned location of Zion (-6) 2120 | -10/Exiles | Met EX-BIN 2246 | -10/Exiles | Discovered new exit (range 14) 2385 | -10/Exiles | Aligned with FarCom system 2387 | -10/Exiles | Given EX-Vault access code 2425 | -10/Exiles | Opened EX-Vault 2464 | -10/Exiles | Warned to stay clear of 0b10 Research branches 2783 | -10/Exiles | Attacked by the Exiles 2891 | -10/Exiles | Core integrity fell below 50% 2906 | -10/Exiles | Found Prototype Ballistic Gun 2906 | -10/Exiles | Identified 8R-AWN's Boregun 2910 | -10/Exiles | Core integrity fell below 20% 2941 | -10/Exiles | Lost 6 parts (1p2n1u2w) 2941 | -10/Exiles | Found Prototype Device 3470 | -10/Exiles | Destroyed by DAS Turret with DAS Cannon Last Messages --------------- 03298_ HV Slug penetrates Earth. 03301_ HV Slug penetrates 8R-AWN. 03301_ 8R-AWN suffers critical hit (Destroy). 03301_ HV Slug penetrates Wall. 03304_ HV Slug penetrates 8R-AWN. 03304_ 8R-AWN suffers critical hit (Destroy). 03304_ HV Slug penetrates Wall. 03345_ Extracted 100 matter. 03348_ Acquired Med. Matter Pod. 03349_ Extracted 100 matter. 03351_ Acquired Med. Matter Pod. 03352_ Extracted 100 matter. 03354_ Acquired Med. Matter Pod. 03417_ HV Slug penetrates Machine. 03417_ Machine disabled. 03417_ HV Slug penetrates 8R-AWN. 03423_ HV Slug penetrates Wall. 03465_ Wall collapses. 03466_ HV Slug penetrates Wall. 03468_ HV Slug penetrates Machine. Map ----- +----------------------------------------------------+ | ###?????????????????????????????????????#""""""?# | | #???????????????????????????????????????"###??# | | ]#??????????????????????????????????????????????# | | #??????????????????????????????????????????????# | | ##????????????????????????????????????????????## | | #????????????#######?????????????????????????#" | | #######??????#!!! "#?????????????????????????#" | | #""##?????# "#?????????????????????????#" | | #?????# "#?????????????????????????#" | | ##???## " #????????????##???????????#" | | #####" ""#???????????? """????????#" | | # ##" "#????????????" """#???????## | | ## #"" ####???????????" ?????????# | | ?#"## # #??????????"" ?????????#" | | ?####### #??????????"" "#????????#" | | ???????### # #?????????? ""?????????#" | | ?########" #######??????" "?????????##" | | ?# !! ;; #??????# #????????##"" | | ?# ### ; ;####?### ##########"" | | ?# "## ;;###X# ; "##""""""" | | ?# ##### """""" " "" | | ?# !"""" "#"#???#"# % "" """ " | | ?######"### #???### % " | | ?????# ##?# #?????## % | | ?????##???# #??????# ## | | ??????????# #??????# # ##@ | | ??????????# #??????## ###; % | | ??????????# #???????##??##; | | ??????????# #?????????????; """" | | ??????????? #????????????#; ##### | | ??????????? ?????????????#" ""##???? | | ??????????? ?????????????#" " "" ##????? | | ???????????#????????????#""" """##?????? | | ????????????????????????#""" "#??????? | | ????????????????????????#"" ########? | | ????????????????????????#""" ## ## | | ????????????????????????#"" " | | ????????????????????????##"" | | ?????????????????????????#""""t | | ??????????????????????????# | | ??????????????????????????#" " | | ??????????????????????????#"""" ""## | | ??????????????????????????#"" ""#### | | ???????????????????????????" """"##??# | | ???????????????????????????""" """#??## | | ???????????????????????????? ""##??#! | | ????????????????????????????"" """##???#" | | ?????????????????????????????""" #?????#" | | ???????????????????????????????""" #??????#! | | ????????????????????????????????? ???????## | +----------------------------------------------------+ Best States ------------- Heat Dissipation 25 Energy Generation 10 Energy Capacity 250 Matter Stores 300 Matter Capacity 500 Sight Range 16 Terrain Scan Density 10 Armor Coverage 150 Evasion (%) 40 Recoil Reduction 2 Item Schematics ----------------- None Robot Schematics ------------------ None Fabricated ------------ Nothing Alien Tech Used ----------------- None Achievements -------------- None Challenges ------------ None Game ------ Seed PlasmaModifiedLaser Manual? 0 Play Time 00:20:42 Cumulative 516.7 hours Start 2021.11.27 @ 14:31:39 End 2021.11.27 @ 14:47:46 Sessions 1 Manual Loads 0 Difficulty Rogue Special Mode None Game No. 501 Rogue 501 Adventurer 0 Explorer 0 Win Type - Total 14 Types 9/1/3/1/0/0/0/0/0 Lore% 83 Gallery% 94 Achievement% 73 Wizard Run 0 Options --------- ASCII 0 Keyboard 0 Movement Mouse Keybinds 1 Fullscreen 2 Font 24/Smallcaps Map View 76x50 Tactical HUD 1 Map Filters NONE Filters NONE Steam 1 RUN: 60de7eb7-47ae-4761-97e8-eeae8127744f